 Dungeon Crawl Stone Soup version 0.31-a0-259-g771a54ca4b (webtiles) character file.

Game seed: 336045922657372644

49 qw the Shooter (level 3, 0/21 HPs)
             Began as a Gargoyle Hexslinger on July 13, 2023.
             Slain by Sigmund
             ... wielding a +0 scythe
              (3 damage)
             ... on level 2 of the Dungeon.
             The game lasted 00:00:24 (922 turns).

qw the Shooter (Gargoyle Hexslinger)                 Turns: 922, Time: 00:00:24

Health: 0/21       AC:  8    Str: 11    XL:     3   Next: 77%
Magic:  4/4        EV: 10    Int: 13    God:
Gold:   50         SH:  0    Dex: 14    Spells: 3/4 levels left

rFire   . . .        Y - +1 sling
rCold   . . .        (no shield)
rNeg    + . .        g - +0 ring mail
rPois   inf          (no helmet)
rElec   +            (no cloak)
rCorr   .            (no gloves)
SInv    .            (no boots)
Will    .....        (no amulet)
Stlth   +            (no ring)
HPRegen 0.23/turn    (no ring)
MPRegen 0.09/turn

%: no passive effects
@: about to teleport
A: sickness immunity, AC +3, negative energy resistance 1, electricity
resistance, torment resistance 1, petrification resistance
a: no special abilities


You were on level 2 of the Dungeon.
You visited 1 branch of the dungeon, and saw 2 of its levels.

You collected 50 gold pieces.


Innate Abilities, Weirdness & Mutations

You are immune to sickness and miasma.
Your stone body is resilient. (AC +3)
You are immune to poison.
You resist negative energy. (rN+)
You are resistant to electric shocks. (rElec)
You are resistant to unholy torment.
You are immune to petrification.


   Skills:
 - Level 2.3 Fighting
 + Level 3.4 Ranged Weapons
 - Level 1.5 Dodging
 - Level 1.0 Spellcasting
 - Level 2.6 Hexes


You had 3 spell levels left.
You knew the following spells:

 Your Spells              Type           Power      Damage    Failure   Level
a - Slow                  Hex            28%        N/A       22%         1

Your spell library contained the following spells:

 Spells                   Type           Power      Damage    Failure   Level
 Inner Flame              Hex/Fire       4%         N/A       75%         3
 Portal Projectile        Hex/Tloc       8%         N/A       75%         3
 Cause Fear               Hex            3%         N/A       92%         4

Inventory:

Hand Weapons
 Y - a +1 sling (weapon)
Armour
 c - a +0 helmet
 g - a +0 ring mail (worn)
Jewellery
 a - a +5 ring of evasion
 d - a ring of see invisible
 i - a ring of positive energy
Scrolls
 e - a scroll of identify {unknown}
Potions
 b - a potion of invisibility {unknown}
 h - a potion of might

Dungeon Overview and Level Annotations

Branches:
Dungeon (2/15)

Altars:

Annotations:
D:2 Sigmund


Message History

The giant cockroach barely misses you.
Sigmund the Dreaded comes into view.
He is wielding a +0 scythe.
The giant cockroach bites you but does no damage.
A hobgoblin comes into view.
You shoot a sling bullet.
The sling bullet hits the giant cockroach.
You kill the giant cockroach!
The hound barely misses you.
You shoot a sling bullet.
The sling bullet closely misses the hound.
The hound bites you.
Sigmund mumbles some strange words.
Sigmund flickers and vanishes!
Deactivating autopickup; reactivate with Ctrl-A.
The hound bites you but does no damage. Something hits you but does no damage.
You shoot a sling bullet.
The sling bullet barely misses the hound.
The hound barely misses you.
A rat comes into view.
The hound bites you. Something hits you.
You shoot a sling bullet. The sling bullet hits the hound.
The hound is lightly wounded.
The hound bites you but does no damage. x2
Something hits you but does no damage.
You shoot a sling bullet.
The sling bullet hits the hound but does no damage.
The hound is lightly wounded.
The hound bites you. The hound bites you but does no damage.
Something hits you.
920 ||| READING scroll of teleportation.
As you read the scroll of teleportation, it crumbles to dust.
You feel strangely unstable. The hound bites you.
The hound bites you but does no damage.
You shoot a sling bullet.
The sling bullet barely misses the hound.
The hound barely misses you. Something completely misses you.
The hound bites you but does no damage.
You shoot a sling bullet. The sling bullet hits the hound.
The hound is moderately wounded.
The hound bites you but does no damage. Something hits you.
You die...

....#.......###### #...#
#.# .###.##..........#
##### ### .#
#.##.###......# . .#
#.##.# #..##### .. .#
#.##.# #..##### ...
.###.##.# #......# ....
........###...#### ..$#
###...........####{...#.
##............@hg..}%.
#######.#######....#.
### ...# .... ... .. .


You could see a hound and a hobgoblin.

Vanquished Creatures
  An adder (D:2)
  2 dart slugs
  An orc (D:2)
  4 ball pythons
  3 endoplasms (D:2)
  3 giant cockroaches (D:2)
  3 goblins
  2 hobgoblins (D:2)
  A quokka (D:2)
  3 bats
  2 frilled lizards (D:1)
  5 kobolds
  3 rats (D:2)
33 creatures vanquished.

Notes
Turn   | Place    | Note
-------+----------+-------------------------------------------
     0 | D:1      | qw the Gargoyle Hexslinger began the quest for the Orb.
     0 | D:1      | Reached XP level 1. HP: 12/12 MP: 2/2
     0 | D:1      | 0 ||| qw: Version: 0.3-a-52-g30416fa
     0 | D:1      | 0 ||| qw: Game counter: 6838
     0 | D:1      | 0 ||| qw: Melee chars always use a shield: true
     0 | D:1      | 0 ||| qw: God list: Okawaru
     0 | D:1      | 0 ||| qw: Allow faded altars: false
     0 | D:1      | 0 ||| qw: Do Orc after clearing Dungeon:15 true
     0 | D:1      | 0 ||| qw: Do second Lair branch before Depths: true
     0 | D:1      | 0 ||| qw: Lair rune preference: random
     0 | D:1      | 0 ||| qw: Goals: Normal
     0 | D:1      | 0 ||| PLANNING D:1-11
   115 | D:1      | Reached XP level 2. HP: 16/16 MP: 3/3
   183 | D:1      | Reached skill level 3 in Ranged Weapons
   416 | D:1      | 416 ||| UPGRADING to +0 ring mail.
   426 | D:1      | 426 ||| DROPPING +0 robe.
   427 | D:1      | 427 ||| READING scroll labelled DAYPEW KAMOIM.
   431 | D:1      | 431 ||| READING scroll labelled JUKLEH OGERRU.
   432 | D:1      | 432 ||| READING scroll labelled TOGIRI TIRATZ.
   433 | D:1      | 433 ||| DRINKING 2 clear potions.
   434 | D:1      | 434 ||| DROPPING scroll of poison.
   603 | D:2      | Reached XP level 3. HP: 11/21 MP: 4/4
   914 | D:2      | Noticed Sigmund
   919 | D:2      | HP: 4/21 [something (5)]
   920 | D:2      | 920 ||| READING scroll of teleportation.
   922 | D:2      | Slain by Sigmund

Levels and vault maps discovered:
D:1:      pf_arrival_petrified_forest, layout_rooms
D:2:      minmay_diamond_boxcup, layout_loops_ring, kennysheep_generic_room_2,
          uniq_sigmund

Skill      XL: |  1  2 |
---------------+-------+-----
Ranged Weapons | 3 |  3.4
Fighting       | 2 |  2.3
Dodging        | |  1.5
Spellcasting   | |  1.0
Hexes          | |  2.6

Action                     || total
---------------------------++-------
   Fire: Sling             ||   100
    Use: Scroll            ||     4
         Potion            ||     1
 Armour: Robe              ||     3
         Ring mail         ||    36
  Dodge: Dodged            ||    37

Table legend:
 A = Non-vault XP
 B = Vault XP
 C = Vault XP percentage of total XP
 D = Non-vault monster count
 E = Vault monster count
 F = Vault count percentage of total count
                 A         B        C        D         E       F
            +---------+---------+-------+---------+---------+-------
      Total |      45 |      26 |  36.6 |      24 |       9 |  27.3
            +---------+---------+-------+---------+---------+-------
        D:1 |      19 |       0 |   0.0 |      11 |       0 |   0.0
        D:2 |      26 |      26 |  50.0 |      13 |       9 |  40.9
            +---------+---------+-------+---------+---------+-------
